[Event "Titled Tuesday Blitz January 10 Late 2023"]
[White "Thomas, Anysia"]
[Black "Kaganskiy, Gleb"]
[WhiteFideId "670472"]
[BlackFideId "4132025"]
[WhiteElo "2147"]
[BlackElo "2205"]
[Result "0-1"]
[Round "03"]
[TimeControl "180+2"]
[Date "2023.01.10"]
[WhiteClock "0:00:41"]
[BlackClock "0:00:11"]

1. d4 Nf6 2. c4 e6 3. Nf3 d5 4. g3 Be7 5. Bg2 O-O 6. O-O dxc4 7. Ne5 Nc6 8. Bxc6 bxc6 9. Nxc6 Qe8 10. Nxe7+ Qxe7 11. Qa4 e5 12. dxe5 Qxe5 13. Nc3 Qh5 14. Qxc4 Bh3 15. Re1 Ng4 16. Qd5 Qg6 17. f3 Qb6+ 18. e3 Nf6 19. Qd4 c5 20. Qh4 Be6 21. b3 Rad8 22. Ne4 Nxe4 23. Qxe4 Bd5 24. Qf4 Rfe8 25. e4 Be6 26. Be3 Rd3 27. Rac1 Qa6 28. Rc2 c4 29. bxc4 Bxc4 30. Qc7 Bxa2 31. Qxa7 Qxa7 32. Bxa7 Be6 33. Kf2 h6 34. Re3 Rxe3 35. Bxe3 Rc8 36. Bf4 Rxc2+ 37. Ke3 Rxh2 38. g4 Rg2 39. Be5 Bc4 40. Kd4 Be2 41. Ke3 Bd1 42. Bd4 Re2+ 43. Kf4 Rd2 44. Be3 Rd3 45. e5 Kf8 46. Ke4 Rxe3+ 47. Kxe3 Ke7 48. Ke4 Ke6 49. Kf4 g5+ 50. Ke4 Be2 51. Ke3 Bxf3 52. Kxf3 Kxe5 53. Kg3 f5 54. gxf5 Kxf5 55. Kh3 h5 56. Kg3 g4 57. Kh2 Kg5 58. Kh1 h4 59. Kh2 Kf4 60. Kh1 g3 61. Kg2 Kg4 62. Kh1 h3 63. Kg1 Kf3 64. Kh1 g2+ 65. Kh2 Kf2 66. Kxh3 g1=Q 67. Kh4 Qg6 0-1


[Site "https://www.chess.com"]

[Event "Titled Tuesday Blitz January 10 Late 2023"]
[White "Adel, Sara"]
[Black "Kaminski, Victor"]
[WhiteFideId "10616764"]
[BlackFideId "1131630"]
[WhiteElo "1739"]
[BlackElo "2247"]
[Result "0-1"]
[Round "03"]
[TimeControl "180+2"]
[Date "2023.01.10"]
[WhiteClock "0:00:14"]
[BlackClock "0:00:09"]

1. e4 c5 2. Nc3 e6 3. f4 d5 4. Nf3 Nf6 5. e5 Nfd7 6. Bb5 c4 7. d4 cxd3 8. Bxd3 Nc5 9. O-O Nxd3 10. Qxd3 Bc5+ 11. Kh1 h6 12. f5 Nc6 13. fxe6 Bxe6 14. Bf4 Qd7 15. Rad1 O-O-O 16. a3 Be7 17. Nb5 g5 18. Be3 Kb8 19. Nfd4 Nxe5 20. Qc3 Rc8 21. Qa5 b6 22. Qa4 Nc4 23. Bf2 Nxb2 24. Bg3+ Ka8 25. Qb3 Nxd1 26. Rxd1 Rc4 27. a4 Rhc8 28. c3 a6 29. Qa2 axb5 30. axb5+ Qa7 31. Qb2 Rxc3 32. Ra1 Ra3 33. Rxa3 Qxa3 34. Qxa3+ Bxa3 35. Nc6 Bd7 36. Ne5 Rc1+ 0-1


[Site "https://www.chess.com"]

[Event "Titled Tuesday Blitz January 10 Late 2023"]
[White "Aung Thant Zin"]
[Black "Rian, Kapriaga"]
[WhiteFideId "13000063"]
[BlackFideId "7103263"]
[WhiteElo "2268"]
[BlackElo "2089"]
[Result "0-1"]
[Round "03"]
[TimeControl "180+2"]
[Date "2023.01.10"]
[WhiteClock "0:00:21"]
[BlackClock "0:00:13"]

1. e4 c6 2. d4 d5 3. Nc3 dxe4 4. Nxe4 Bf5 5. Ng3 Bg6 6. h4 h6 7. Nf3 Nd7 8. Bd3 Bxd3 9. Qxd3 e6 10. Bd2 Ngf6 11. O-O-O Be7 12. Kb1 Qc7 13. Ne4 Nxe4 14. Qxe4 O-O-O 15. c4 Kb8 16. Rh3 Ka8 17. h5 Nf6 18. Qe2 Rd7 19. Bc3 Bd6 20. c5 Bf8 21. Ne5 Rd5 22. Qe1 Qe7 23. Ba5 Nd7 24. Nc4 Qg5 25. Ra3 Be7 26. Bc7 a6 27. Ne3 Rc8 28. f4 Qxh5 29. g4 Qg6+ 30. f5 Qg5 31. Nxd5 exd5 32. Bh2 Bf6 33. Qe2 Nb8 34. Rdd3 h5 35. Rdb3 hxg4 36. Bxb8 Kxb8 37. Rxa6 Qxf5+ 38. Ka1 Rh8 39. a3 Rh1+ 0-1


[Site "https://www.chess.com"]

[Event "Titled Tuesday Blitz January 10 Late 2023"]
[White "Weisz, Bryan"]
[Black "Mitrovic, Darko R"]
[WhiteFideId "30934133"]
[BlackFideId "927023"]
[WhiteElo "1973"]
[BlackElo "2220"]
[Result "0-1"]
[Round "03"]
[TimeControl "180+2"]
[Date "2023.01.10"]
[WhiteClock "0:00:04"]
[BlackClock "0:00:02"]

1. e3 a6 2. Ke2 b6 3. Kd3 c6 4. Kd4 d6 5. Kc4 e6 6. Kb4 f6 7. Kc3 g6 8. Kd3 Kd7 9. Ke2 Kc7 10. Kf3 Kb7 11. Kg3 Ka7 12. Kh4 h6 13. Kg3 Nd7 14. Kf3 Bg7 15. Ke2 Nf8 16. Ke1 Nh7 17. d4 d5 18. c4 Bb7 19. Nc3 Rc8 20. Nf3 Ng5 21. b4 Nxf3+ 22. gxf3 f5 23. f4 Nf6 24. c5 bxc5 25. bxc5 g5 26. fxg5 hxg5 27. a4 Ne4 28. Nb5+ cxb5 29. axb5 Nxc5 30. bxa6 Bc6 31. Ba3 Ne4 32. Bd3 g4 33. Bxe4 dxe4 34. Bc5+ Ka8 35. Qb3 Bd5 36. Qa3 Bf8 37. Bxf8 Qxf8 38. Qa5 Rb8 39. a7 Qb4+ 40. Kf1 Rb7 41. Kg2 Qxa5 42. Rxa5 Rxa7 43. Rc5 Rb8 44. h3 gxh3+ 45. Rxh3 Rg7+ 46. Kh2 Rbg8 47. Rh6 Kb7 48. Rc1 Rf7 49. Rb1+ Kc7 50. Rh3 Rff8 51. Rc1+ Kd6 52. Rh7 Rh8 53. Rxh8 Rxh8+ 54. Kg3 Rg8+ 55. Kh2 Rh8+ 56. Kg3 Rb8 57. Rh1 Rb6 58. Kg2 Rc6 59. Rh8 Rc2 60. Kg3 Rd2 61. Rh7 Ra2 62. Rh8 Ra8 63. Rh7 Rg8+ 64. Kh2 Rg4 65. Rh8 f4 66. exf4 Rxf4 67. Kg3 Rf3+ 68. Kg2 e3 69. Rd8+ Ke7 70. Rxd5 Rxf2+ 71. Kg1 exd5 0-1


[Site "https://www.chess.com"]

[Event "Titled Tuesday Blitz January 10 Late 2023"]
[White "Herbst, Richard"]
[Black "Mazurkiewicz, Michal"]
[WhiteFideId "2041251"]
[BlackFideId "1124943"]
[WhiteElo "2120"]
[BlackElo "2145"]
[Result "1-0"]
[Round "03"]
[TimeControl "180+2"]
[Date "2023.01.10"]
[WhiteClock "0:01:32"]
[BlackClock "0:00:50"]

1. d4 Nf6 2. Bf4 g6 3. e3 Bg7 4. h3 O-O 5. Nf3 d6 6. Be2 Nc6 7. O-O Nd7 8. Bh2 e5 9. c4 exd4 10. exd4 Qf6 11. d5 Qxb2 12. dxc6 Qxa1 13. cxd7 Bxd7 14. Qb3 Bc6 15. Na3 Qf6 16. Nb5 Qe7 17. Re1 a6 18. Bf1 Qd8 19. Nbd4 Bd7 20. Qxb7 Rb8 21. Qxa6 Re8 22. Rd1 Ra8 23. Qb7 Rxa2 24. Nb5 Bxb5 25. cxb5 Qb8 26. Qd5 Qb6 27. Qxa2 1-0


[Site "https://www.chess.com"]

[Event "Titled Tuesday Blitz January 10 Late 2023"]
[White "Souza, Gustavo Horokoski De"]
[Black "Gerbelli Neto, Eduardo"]
[WhiteFideId "2146584"]
[BlackFideId "2103281"]
[WhiteElo "1943"]
[BlackElo "2114"]
[Result "1/2-1/2"]
[Round "03"]
[TimeControl "180+2"]
[Date "2023.01.10"]
[WhiteClock "0:00:20"]
[BlackClock "0:01:33"]

1. d4 d5 2. c4 c6 3. Nc3 Nf6 4. Nf3 e6 5. Bg5 dxc4 6. a4 Bb4 7. e3 Qa5 8. Qc2 Ne4 9. Qxe4 Bxc3+ 10. Kd1 Bxb2 11. Ra2 c3 12. Bd3 Nd7 13. Ke2 Nf6 14. Bxf6 gxf6 15. Rb1 Qb4 16. Ne1 Qb3 17. Raa1 Qd5 18. Qxd5 cxd5 19. Bb5+ Bd7 20. Bxd7+ Kxd7 21. Ra2 Rhc8 22. Kd1 Rab8 23. Kc2 b5 24. axb5 Rxb5 25. Rxa7+ Rc7 26. Rxc7+ Kxc7 27. Nd3 Kd6 28. Nxb2 cxb2 29. Rxb2 Rxb2+ 30. Kxb2 e5 31. Kc3 e4 32. f3 f5 33. Kb4 Kc6 34. h3 h5 35. f4 h4 36. Ka4 Kb6 37. Kb4 Kc6 38. Ka4 Kb6 39. Kb4 Kc6 1/2-1/2


[Site "https://www.chess.com"]

[Event "Titled Tuesday Blitz January 10 Late 2023"]
[White "Aspire_ie"]
[Black "Soyunlu, Narmin"]
[BlackFideId "13400843"]
[WhiteElo "2352"]
[BlackElo "2013"]
[Result "0-1"]
[Round "03"]
[TimeControl "180+2"]
[Date "2023.01.10"]
[WhiteClock "0:00:10"]
[BlackClock "0:00:45"]

1. e4 e5 2. Nf3 Nc6 3. Bb5 a6 4. Ba4 Bc5 5. O-O b5 6. Bb3 Nf6 7. Re1 O-O 8. c3 Ba7 9. d4 d6 10. dxe5 dxe5 11. Qxd8 Rxd8 12. Bg5 Be6 13. Nbd2 Na5 14. Bxe6 fxe6 15. Nxe5 h6 16. Bxf6 Rxd2 17. Bh4 Rxb2 18. a4 Nb3 19. Rab1 Rxb1 20. Rxb1 bxa4 21. Nc6 Bc5 22. Bg3 a3 23. Rxb3 a2 24. h3 a1=Q+ 25. Kh2 Bd6 26. e5 Bc5 27. Rb7 Bb6 28. Nd4 Qxc3 29. Nxe6 Qc6 0-1


[Site "https://www.chess.com"]

[Event "Titled Tuesday Blitz January 10 Late 2023"]
[White "Abdyzhaparov, Aidar"]
[Black "Marcolino, Daniel Mattos"]
[WhiteFideId "13800361"]
[BlackFideId "2106841"]
[WhiteElo "1978"]
[BlackElo "2006"]
[Result "0-1"]
[Round "03"]
[TimeControl "180+2"]
[Date "2023.01.10"]
[WhiteClock "0:00:11"]
[BlackClock "0:00:55"]

1. Nf3 d5 2. c4 e6 3. g3 Nf6 4. Bg2 Be7 5. d4 O-O 6. Qc2 a6 7. Nbd2 dxc4 8. Nxc4 b5 9. Na5 c5 10. Bd2 cxd4 11. Ne5 Nd5 12. Nac6 Nxc6 13. Nxc6 Qd7 14. Nxe7+ Qxe7 15. a3 Bb7 16. O-O Rac8 17. Qd3 e5 18. Bxd5 Bxd5 19. Bb4 Qe6 20. Bxf8 Kxf8 21. Rac1 Bc4 22. Qe4 f5 23. Qh4 Bxe2 24. Rxc8+ Qxc8 25. Re1 d3 26. Qb4+ Kg8 27. Qd2 Qc2 28. Qxc2 dxc2 29. Rc1 Bd1 30. f4 e4 31. Kf2 Kf7 32. Ke3 Ke6 33. Kd2 Kd5 34. Ke3 Kc4 35. g4 g6 36. gxf5 gxf5 37. h4 Kb3 38. Kd2 Kxb2 0-1


[Site "https://www.chess.com"]

[Event "Titled Tuesday Blitz January 10 Late 2023"]
[White "Almedina Ortiz, Edgardo J."]
[Black "Alexikov, Alexander"]
[WhiteFideId "3100197"]
[BlackFideId "14103958"]
[WhiteElo "2156"]
[BlackElo "2209"]
[Result "0-1"]
[Round "03"]
[TimeControl "180+2"]
[Date "2023.01.10"]
[WhiteClock "0:00:04"]
[BlackClock "0:00:16"]

1. d4 Nf6 2. Bf4 g6 3. Nc3 Bg7 4. e4 d6 5. Qd2 O-O 6. Bh6 e5 7. Bxg7 Kxg7 8. Nf3 Nc6 9. h3 exd4 10. Nxd4 Re8 11. f3 d5 12. Nxc6 bxc6 13. O-O-O Be6 14. g4 Qd6 15. Bd3 Rab8 16. b3 a5 17. h4 a4 18. h5 axb3 19. cxb3 d4 20. Ne2 Bxb3 21. axb3 Rxb3 22. Qa2 Reb8 23. hxg6 Qc5+ 24. Bc2 Rb1+ 25. Qxb1 Rxb1+ 26. Kxb1 Qb5+ 27. Kc1 Qxe2 28. gxh7 Nxh7 0-1


[Site "https://www.chess.com"]

[Event "Titled Tuesday Blitz January 10 Late 2023"]
[White "Savic, Miroslav"]
[Black "Vasques, Antonio Pedro Freixial"]
[WhiteFideId "14508494"]
[BlackFideId "1908332"]
[WhiteElo "2167"]
[BlackElo "2214"]
[Result "0-1"]
[Round "03"]
[TimeControl "180+2"]
[Date "2023.01.10"]
[WhiteClock "0:00:01"]
[BlackClock "0:01:05"]

1. Nf3 Nf6 2. c4 e6 3. Nc3 d5 4. d4 dxc4 5. Bg5 Nbd7 6. e4 Be7 7. Bxf6 Nxf6 8. Bxc4 O-O 9. e5 Nd5 10. Nxd5 exd5 11. Bd3 c5 12. O-O Bg4 13. dxc5 Bxc5 14. Bxh7+ Kxh7 15. Qc2+ Kg8 16. Qxc5 Bxf3 17. gxf3 Qg5+ 18. Kh1 Qxe5 19. Rae1 Qf5 20. Re3 Rac8 21. Qe7 d4 22. Rb3 d3 23. Qe4 Qh3 24. Rg1 d2 25. Qd4 g6 26. Qxd2 Rfd8 27. Qf4 b6 28. Rc3 Rxc3 29. bxc3 Qe6 30. Qe4 Qxa2 31. Rxg6+ Kf8 32. Rg1 Qxf2 33. Qf4 Rd3 34. Qh6+ Ke7 35. Qg5+ Kd6 0-1


[Site "https://www.chess.com"]

[Event "Titled Tuesday Blitz January 10 Late 2023"]
[White "Kovacs, Klara"]
[Black "Kalaiyalahan, Akshaya"]
[WhiteFideId "733210"]
[BlackFideId "422894"]
[WhiteElo "2121"]
[BlackElo "2155"]
[Result "1-0"]
[Round "03"]
[TimeControl "180+2"]
[Date "2023.01.10"]
[WhiteClock "0:00:51"]
[BlackClock "0:00:02"]

1. e4 d5 2. Nf3 dxe4 3. Ng5 e5 4. Nxe4 f5 5. Ng3 Nf6 6. Nc3 Bd6 7. Bc4 Qe7 8. O-O Be6 9. Bxe6 Qxe6 10. d4 e4 11. d5 Qd7 12. Bg5 O-O 13. Qd4 h6 14. Bxf6 Rxf6 15. Nh5 Rg6 16. f3 Na6 17. Kh1 exf3 18. Rxf3 Re8 19. Raf1 Nc5 20. b4 Ne4 21. Rxf5 Nxc3 22. Qxc3 Rg5 23. Rxg5 hxg5 24. a3 Be5 25. Qd3 Qg4 26. Qg6 Qe2 27. Qf7+ Kh7 28. h3 Bd4 29. Qf5+ Kh6 30. Ng3 Qe5 31. Qg4 Kh7 32. Qh5+ Kg8 33. Nf5 Qf6 34. Qxe8+ 1-0


[Site "https://www.chess.com"]

[Event "Titled Tuesday Blitz January 10 Late 2023"]
[White "MunichMouse"]
[Black "Lopez Idarraga, Daniel Eduardo"]
[BlackFideId "4405501"]
[WhiteElo "1993"]
[BlackElo "2009"]
[Result "0-1"]
[Round "03"]
[TimeControl "180+2"]
[Date "2023.01.10"]
[WhiteClock "0:00:53"]
[BlackClock "0:00:50"]

1. d4 d5 2. c4 e6 3. Nf3 Nf6 4. g3 Be7 5. Bg2 dxc4 6. O-O b5 7. Ne5 c6 8. Nxc6 Nxc6 9. Bxc6+ Bd7 10. Bxa8 Qxa8 11. a4 b4 12. Nd2 Qd5 13. Qc2 Bc6 14. e4 Nxe4 15. Qxc4 Nxg3 16. Qxd5 Ne2+ 17. Kg2 Bxd5+ 18. Kh3 Nxd4 19. a5 g5 20. f3 h5 21. Kg3 g4 22. f4 h4+ 23. Kf2 g3+ 24. hxg3 hxg3+ 25. Ke3 Nc2+ 26. Kd3 Nxa1 27. Nf3 g2 28. Rg1 Bxf3 29. Be3 Nb3 30. Bxa7 Nxa5 31. Ke3 Bd5 32. Bd4 Rh1 0-1


[Site "https://www.chess.com"]

[Event "Titled Tuesday Blitz January 10 Late 2023"]
[White "Curtis, John"]
[Black "Hoffmann, Asa"]
[WhiteFideId "3200256"]
[BlackFideId "2001470"]
[WhiteElo "2292"]
[BlackElo "2185"]
[Result "1-0"]
[Round "03"]
[TimeControl "180+2"]
[Date "2023.01.10"]
[WhiteClock "0:00:28"]
[BlackClock "0:00:17"]

1. c4 Nf6 2. Nf3 d6 3. g3 c6 4. Bg2 e5 5. Nc3 Be7 6. d4 e4 7. Nd2 d5 8. O-O h5 9. Qa4 Nbd7 10. cxd5 Nb6 11. Qb3 cxd5 12. a4 a5 13. Re1 h4 14. f3 hxg3 15. hxg3 Qd6 16. Nf1 Bf5 17. Bf4 Qe6 18. g4 Bxg4 19. fxg4 Qxg4 20. Be5 Nc4 21. Nxd5 Nxd5 22. Qxc4 Nb4 23. Ne3 Qh4 24. Nd5 O-O 25. Nxe7+ Qxe7 26. Rf1 Rac8 27. Qb3 Nc6 28. Qg3 Nxe5 29. Qxe5 Qxe5 30. dxe5 Rfe8 31. Bxe4 Rxe5 32. Bd3 Rc6 33. Rf2 Rg5+ 34. Rg2 Rgc5 35. b3 g6 36. Bc4 Kg7 37. Rf1 Rf6 38. Rxf6 Kxf6 39. Rf2+ Rf5 40. Rxf5+ gxf5 41. Kf2 b6 42. Kf3 Ke5 43. e3 f6 44. Bg8 f4 45. exf4+ Kd4 46. Kg4 Kc3 47. Kf5 1-0


[Site "https://www.chess.com"]

[Event "Titled Tuesday Blitz January 10 Late 2023"]
[White "Ankerst, Mihael"]
[Black "Vargas, Mauricio"]
[WhiteFideId "14602369"]
[BlackFideId "4404572"]
[WhiteElo "2370"]
[BlackElo "2035"]
[Result "1-0"]
[Round "03"]
[TimeControl "180+2"]
[Date "2023.01.10"]
[WhiteClock "0:02:07"]
[BlackClock "0:00:02"]

1. e4 d5 2. exd5 Qxd5 3. c4 Qa5 4. Nc3 c6 5. d4 Nf6 6. Be2 Bf5 7. Qb3 Qb6 8. Nf3 Qxb3 9. axb3 Nbd7 10. Be3 e6 11. O-O Be7 12. Rfc1 O-O 13. d5 cxd5 14. cxd5 Nxd5 15. Nxd5 exd5 16. Rxa7 Rxa7 17. Bxa7 Be4 18. Rc7 Rd8 19. Bb5 Bf6 20. Bxd7 Bxb2 21. Rxb7 d4 22. Rb8 Rxb8 23. Bxb8 d3 24. Bf4 Bc3 25. Bd2 Bf6 26. b4 Kf8 27. b5 Ke7 28. Bc6 Kd6 29. Bxe4 Kc5 30. Bxd3 Bd8 31. Kf1 Bb6 32. Ke2 Kd5 33. Be3 Bxe3 34. Kxe3 Kc5 35. Nd2 g6 36. f4 1-0


[Site "https://www.chess.com"]

[Event "Titled Tuesday Blitz January 10 Late 2023"]
[White "Lutz, Igor Oscar"]
[Black "Lacasa Diaz, Jose Antonio"]
[WhiteFideId "2110806"]
[BlackFideId "2203375"]
[WhiteElo "1969"]
[BlackElo "2359"]
[Result "0-1"]
[Round "03"]
[TimeControl "180+2"]
[Date "2023.01.10"]
[WhiteClock "0:00:05"]
[BlackClock "0:00:14"]

1. d4 d5 2. c4 e6 3. Nf3 c5 4. cxd5 exd5 5. g3 Nc6 6. Bg2 Nf6 7. O-O Be7 8. dxc5 O-O 9. a3 Bxc5 10. b4 Bb6 11. Bb2 Ne4 12. e3 Bg4 13. Nbd2 Qe7 14. Qb3 Rad8 15. Rac1 Rfe8 16. h3 Bh5 17. g4 Bg6 18. Rfd1 h5 19. Nxe4 Bxe4 20. Nd4 Nxd4 21. Bxd4 Bxg2 22. Kxg2 hxg4 23. hxg4 Qe4+ 24. Kg3 Qg6 25. Bxb6 axb6 26. Rxd5 Rd6 27. Rcd1 Rde6 28. Rd8 Rxd8 29. Rxd8+ Kh7 30. Qc4 Re4 31. Qc8 Qf6 32. Rh8+ Kg6 33. Qf5+ Qxf5 34. gxf5+ Kxf5 35. Rb8 Re7 36. Rg8 Kf6 37. Kf4 Rc7 38. a4 Rc4+ 39. e4 Rxb4 40. Ra8 g6 41. Rb8 Rxa4 42. Rxb7 Rb4 43. f3 Rb1 44. e5+ Ke6 45. Rb8 Rb4+ 46. Kg5 Kxe5 47. Re8+ Kd6 48. Rd8+ Ke7 49. Rb8 Rb5+ 50. Kg4 Kf6 51. Rb7 Rb4+ 52. f4 g5 53. Rb8 Rxf4+ 54. Kg3 Rb4 0-1


[Site "https://www.chess.com"]

[Event "Titled Tuesday Blitz January 10 Late 2023"]
[White "Itkis, Boris"]
[Black "Oliveira, Tiago Batista"]
[WhiteFideId "1209167"]
[BlackFideId "2108291"]
[WhiteElo "2329"]
[BlackElo "1991"]
[Result "1-0"]
[Round "03"]
[TimeControl "180+2"]
[Date "2023.01.10"]
[WhiteClock "0:00:52"]
[BlackClock "0:00:02"]

1. c4 Nf6 2. Nf3 g6 3. b4 Bg7 4. Bb2 O-O 5. g3 c6 6. Bg2 d5 7. Na3 Nbd7 8. O-O Re8 9. Rc1 e5 10. cxd5 cxd5 11. Nb5 Re7 12. d4 e4 13. Ne5 Nxe5 14. dxe5 Ne8 15. Bxe4 Bd7 16. Qxd5 Qb6 17. a4 Bc6 18. Qd3 Rd8 19. Bd4 Bxb5 20. Bxb6 Rxd3 21. exd3 axb6 22. axb5 Bxe5 23. Rc8 Kg7 24. Rfc1 Nf6 25. Bf3 Bd4 26. R8c7 Re5 27. Rxb7 Rf5 28. Kg2 g5 29. Rcc7 Ng8 30. g4 Rf4 31. Bd5 Rxf2+ 32. Kg3 Nh6 33. Rd7 Rd2 34. Be4 Bf2+ 35. Kf3 1-0


[Site "https://www.chess.com"]

[Event "Titled Tuesday Blitz January 10 Late 2023"]
[White "Nakamura, Hikaru"]
[Black "Sanal, Vahap"]
[WhiteFideId "2016192"]
[BlackFideId "6300545"]
[WhiteElo "2775"]
[BlackElo "2600"]
[Result "0-1"]
[Round "04"]
[TimeControl "180+2"]
[Date "2023.01.10"]
[WhiteClock "0:01:10"]
[BlackClock "0:00:07"]

1. Nf3 d5 2. e3 Nf6 3. b3 Bf5 4. Ba3 Nbd7 5. d4 e6 6. Bxf8 Nxf8 7. c4 N8d7 8. Nc3 O-O 9. Rc1 h6 10. Bd3 Bxd3 11. Qxd3 c6 12. O-O Qa5 13. Rb1 Qa6 14. Rfc1 Rad8 15. Qf1 Rfe8 16. cxd5 Qxf1+ 17. Kxf1 Nxd5 18. Nxd5 exd5 19. b4 a6 20. a4 Nb6 21. b5 axb5 22. axb5 Nc4 23. Ke1 Na3 24. bxc6 Nxb1 25. Rxb1 bxc6 26. Rc1 Rc8 27. Kd2 f6 28. Ne1 Re7 29. Nd3 Rb7 30. Rc2 Kf7 31. h4 h5 32. Nf4 g6 33. Nxd5 Rb1 34. Nf4 Rh1 35. g3 g5 36. hxg5 fxg5 37. Nd3 h4 38. Ne5+ Ke6 39. gxh4 gxh4 40. Kd3 h3 41. Ke4 Rg1 42. f4 Rg2 43. Rc1 h2 44. Nf3 Rh8 45. Nxh2 Rgxh2 46. Rxc6+ Kd7 47. Rc5 Re8+ 48. Re5 Rxe5+ 49. dxe5 Ke6 50. f5+ Ke7 51. Kd3 Ra2 52. e4 Ra5 53. Kd4 Rb5 54. e6 Kf6 55. Kc4 Ra5 56. Kd4 Ra8 57. Kd5 Rd8+ 58. Kc5 Rd1 59. Kc4 Rd2 60. Kc5 Rd8 61. Kc4 Ke5 62. Kc3 Rc8+ 63. Kd3 Ra8 64. Ke3 Ra3+ 65. Kf2 Rb3 66. Kg2 Rb4 67. e7 Rb8 68. Kf3 Re8 69. Kg4 Rxe7 70. Kg5 Rg7+ 71. Kh6 Rg1 72. f6 Kxf6 73. Kh7 Rg4 0-1


[Site "https://www.chess.com"]

[Event "Titled Tuesday Blitz January 10 Late 2023"]
[White "Zakhartsov, Vladimir"]
[Black "Fedoseev, Vladimir"]
[WhiteFideId "4145097"]
[BlackFideId "24130737"]
[WhiteElo "2552"]
[BlackElo "2680"]
[Result "1-0"]
[Round "04"]
[TimeControl "180+2"]
[Date "2023.01.10"]
[WhiteClock "0:00:03"]
[BlackClock "0:00:02"]

1. c4 g6 2. Nc3 Bg7 3. g3 c5 4. Nf3 d6 5. Bg2 Nc6 6. d3 Qd7 7. Bd2 b6 8. a3 Bb7 9. Rb1 Nd4 10. Nd5 Nxf3+ 11. Bxf3 e6 12. Bc3 Bxc3+ 13. Nxc3 Bxf3 14. exf3 Ne7 15. Ne4 O-O-O 16. O-O d5 17. Ng5 Nf5 18. f4 Qb7 19. Qe2 Nd4 20. Qe3 h6 21. Nf3 Nxf3+ 22. Qxf3 dxc4 23. Qxb7+ Kxb7 24. dxc4 Rd3 25. b3 Rhd8 26. Rfe1 R8d4 27. Kf1 a5 28. a4 Rc3 29. Rb2 Rdd3 30. Reb1 Kc6 31. Ke2 g5 32. fxg5 hxg5 33. h3 e5 34. Rh1 e4 35. h4 gxh4 36. gxh4 Rd6 37. h5 Rh6 38. Rh4 f5 39. Kf1 Kd6 40. Rd2+ Ke6 41. Rd8 Rxb3 42. Rb8 Kf6 43. Rg8 Rb4 44. Rb8 Kg5 45. Rh2 Rxc4 46. Rg8+ Kf6 47. Kg2 Rxa4 48. Kg3 Ra3+ 49. Kh4 Rf3 50. Rhg2 Rf4+ 51. Kg3 Rg4+ 52. Rxg4 fxg4 53. Kxg4 c4 54. Kh4 c3 55. Rg3 c2 56. Rc3 Kf5 57. Rxc2 Re6 58. Rb2 Kf4 59. Rb5 Rc6 60. Rb3 Re6 61. Rb5 Rd6 62. Rb3 a4 63. Rb4 1-0


[Site "https://www.chess.com"]

[Event "Titled Tuesday Blitz January 10 Late 2023"]
[White "Ibarra Jerez, Jose Carlos"]
[Black "Andreikin, Dmitry"]
[WhiteFideId "2226332"]
[BlackFideId "4158814"]
[WhiteElo "2563"]
[BlackElo "2729"]
[Result "0-1"]
[Round "04"]
[TimeControl "180+2"]
[Date "2023.01.10"]
[WhiteClock "0:00:12"]
[BlackClock "0:01:39"]

1. e4 e6 2. d4 d5 3. Nc3 Bb4 4. Ne2 Nc6 5. a3 Ba5 6. b4 Bb6 7. Bb2 Nh6 8. g3 Qf6 9. Qd3 Ng4 10. f3 Nge5 11. Qe3 Nxd4 12. Nxd4 Bxd4 13. Qxd4 Nxf3+ 0-1


[Site "https://www.chess.com"]

[Event "Titled Tuesday Blitz January 10 Late 2023"]
[White "Sevian, Samuel"]
[Black "Makarian, Rudik"]
[WhiteFideId "2040506"]
[BlackFideId "44105681"]
[WhiteElo "2684"]
[BlackElo "2545"]
[Result "1-0"]
[Round "04"]
[TimeControl "180+2"]
[Date "2023.01.10"]
[WhiteClock "0:00:45"]
[BlackClock "0:00:19"]

1. d4 Nf6 2. c4 e6 3. Nf3 d5 4. g3 Bb4+ 5. Bd2 Be7 6. Bg2 O-O 7. Qc2 Nbd7 8. Bc3 c6 9. Nbd2 b5 10. b3 a5 11. O-O Ba6 12. Rfc1 Ba3 13. Bb2 Bxb2 14. Qxb2 bxc4 15. bxc4 Nb6 16. Ne5 Rc8 17. Rab1 Nbd7 18. cxd5 Nxe5 19. dxe5 Nxd5 20. Ne4 Rb8 21. Qxb8 Qxb8 22. Rxb8 Rxb8 23. Bf3 Rb6 24. Rc5 Rb5 25. Rxc6 Bb7 26. Rc1 Kf8 27. Nd6 Rb2 28. Bxd5 Bxd5 29. e4 Bxa2 30. Rc8+ Ke7 31. Rc7+ Kd8 32. Ra7 f6 33. Rxg7 fxe5 34. Ra7 Rb6 35. Nf7+ Ke8 36. Nxe5 Bb1 37. f3 Rb5 38. Nc4 Rc5 39. Nxa5 Rc2 40. Rxh7 Ba2 41. Nb7 Kf8 42. Nd6 Kg8 43. Ra7 Kf8 44. Nf7 Bc4 45. Ne5 Be2 46. h4 Rc5 47. Nd7+ 1-0


[Site "https://www.chess.com"]

[Event "Titled Tuesday Blitz January 10 Late 2023"]
[White "Indjic, Aleksandar"]
[Black "Theodorou, Nikolas"]
[WhiteFideId "911925"]
[BlackFideId "4262875"]
[WhiteElo "2618"]
[BlackElo "2591"]
[Result "0-1"]
[Round "04"]
[TimeControl "180+2"]
[Date "2023.01.10"]
[WhiteClock "0:00:02"]
[BlackClock "0:00:10"]

1. d4 Nf6 2. Nf3 e6 3. Bg5 h6 4. Bh4 Be7 5. Nbd2 d6 6. c3 O-O 7. e4 Nbd7 8. Bd3 e5 9. Bg3 Nh5 10. Qc2 c6 11. Nc4 Nxg3 12. hxg3 exd4 13. cxd4 d5 14. exd5 Bb4+ 15. Kf1 cxd5 16. Nce5 Nf6 17. Rh4 Be6 18. a3 Rc8 19. Qe2 Be7 20. Kg1 Re8 21. Re1 Qb6 22. Bb1 Qb3 23. Kh2 Bd6 24. Kg1 Rc7 25. Rf4 Rec8 26. Qd2 Ne4 27. Bxe4 dxe4 28. Rfxe4 Rc2 29. Qa5 Qxb2 30. Nd3 Qc3 31. Qxc3 R2xc3 32. Nf4 Bxf4 33. Rxf4 Rxa3 34. Re5 Rd3 35. Ra5 a6 36. Re4 Rd1+ 37. Kh2 Rd8 38. g4 g5 39. Kg3 Rd3 40. Ra1 Kg7 41. Rb1 b5 42. Ra1 Rd6 43. Kh2 Bd5 44. Re3 Rxe3 45. fxe3 b4 46. Ne5 b3 47. Nd3 Rb6 48. Nb2 Rc6 49. Ra5 Be4 50. Na4 Rc2 51. Rxa6 Rxg2+ 52. Kh3 Ra2 53. Rb6 Rxa4 54. Rxb3 Ra7 55. Kg3 Re7 56. Rc3 Bd5 57. Kf2 Rb7 58. Rc5 Be6 59. Kf3 Rd7 60. Rb5 Rd5 61. Rb6 Ra5 62. Kg3 Ra1 63. Kf3 Rf1+ 64. Ke2 Rg1 65. e4 Bxg4+ 66. Ke3 Re1+ 67. Kd3 Rd1+ 68. Ke3 h5 69. Rb5 f6 70. Rb7+ Kg6 71. Rb6 Re1+ 72. Kd3 Kf7 73. Rb7+ Kf8 74. Rb6 Rf1 75. d5 h4 76. Rb8+ Kg7 77. Ke3 h3 78. Rb2 Re1+ 79. Kd4 Re2 80. Rb1 h2 81. Kd3 Bf3 82. d6 Bxe4+ 83. Kxe2 Bxb1 84. d7 h1=Q 85. d8=Q Qe4+ 86. Kf2 Qf4+ 87. Ke1 Qe3+ 88. Kf1 Bd3+ 89. Kg2 Be4+ 90. Kh2 Qf2+ 0-1


[Site "https://www.chess.com"]

[Event "Titled Tuesday Blitz January 10 Late 2023"]
[White "Fernandez Guillen, Ernesto J."]
[Black "Bortnyk, Olexandr"]
[WhiteFideId "3512428"]
[BlackFideId "14120828"]
[WhiteElo "2477"]
[BlackElo "2605"]
[Result "0-1"]
[Round "04"]
[TimeControl "180+2"]
[Date "2023.01.10"]
[WhiteClock "0:00:07"]
[BlackClock "0:00:15"]

1. e4 Nf6 2. Nc3 d5 3. exd5 Nxd5 4. d4 g6 5. Nf3 Nxc3 6. bxc3 Bg7 7. Bd3 c5 8. h4 Nc6 9. Be3 Bg4 10. h5 Bxh5 11. Rxh5 gxh5 12. Ng5 h6 13. Nxf7 Kxf7 14. Qxh5+ Kf8 15. Bc4 e6 16. Bxe6 Qf6 17. d5 Qxc3+ 18. Ke2 Qc4+ 19. Kf3 Ne5+ 20. Kg3 Qxc2 21. Kh2 b6 22. Bf5 Qc4 23. Rd1 Rd8 24. Be6 Qe4 25. Bf5 Qa4 26. Be6 Qe8 27. Qf5+ Ke7 28. f4 Qg6 29. Qh3 Nc4 30. f5 Be5+ 31. Kh1 Qg3 32. f6+ Kd6 33. Qxg3 Bxg3 34. Bc1 Rdf8 35. f7 Rh7 36. Rf1 Ne5 37. Rf6 Ke7 38. Rxh6 Rxh6+ 39. Bxh6 Rxf7 40. Bg5+ Kd6 41. Bxf7 Nxf7 0-1


[Site "https://www.chess.com"]